 Dungeon Crawl Stone Soup version 0.30.0-11-gf55b779eaf (webtiles) character file.

Game seed: 14602917056654737781

966 tizbic2 the Ruffian (level 8, -1/63 HPs)
             Began as a Ghoul Wanderer on May 17, 2023.
             Slain by a gnoll
             ... wielding a +0 flail
             ... led by a gnoll bouda
              (12 damage)
             ... on level 5 of the Dungeon.
             The game lasted 00:17:35 (4764 turns).

tizbic2 the Ruffian (Ghoul Wanderer)                Turns: 4764, Time: 00:17:36

Health: -1/63      AC:  6    Str: 21    XL:     8   Next: 15%
Magic:  10/10      EV: 10    Int: 13    God:
Gold:   121        SH:  0    Dex:  5    Spells: 9/12 levels left

rFire   . .          .
                       - Unarmed
rCold   + . .        (no shield)
rNeg    + + +        r - +0 ring mail
rPois   ∞            p - +0 helmet
rElec   .            (no cloak)
rCorr   .            (no gloves)
SInv    .            (no boots)
Will    .....        (no amulet) Stlth
                     y - +6 ring of intelligence
HPRegen 0.00/turn    (no ring)
MPRegen 0.12/turn

%: no passive effects
@: confused, ambrosia-drunk, inhibited regen
A: claws 1, cold resistance 1, negative energy resistance 3, inhibited
regeneration, torment resistance 2, devour on kill
a: no special abilities


You were on level 5 of the Dungeon.
You visited 1 branch of the dungeon, and saw 6 of its levels.

You collected 331 gold pieces.
You spent 210 gold pieces at shops.

Inventory:

Hand Weapons
 f - a +1 dagger of draining
 h - a +2 antimagic war axe
 x - a +2 morningstar of protection
Missiles
 c - 5 poisoned darts (quivered)
 i - 68 stones
 q - 3 boomerangs
 t - 4 datura-tipped darts
Armour
 p - a +0 helmet (worn)
 r - a +0 ring mail (worn)
 s - a +0 chain mail
Jewellery
 y - a +6 ring of intelligence (left claw)
Wands
 l - a wand of flame (13)
 w - a wand of paralysis (9)
Scrolls
 e - a scroll of fear
 j - 2 scrolls of teleportation
 k - a scroll of immolation {unknown}
 n - 2 scrolls of vulnerability
 o - a scroll of fog
 u - a scroll of magic mapping {unknown}
Potions
 a - a potion of curing
 b - a potion of heal wounds {unknown}
 d - 2 potions of brilliance


   Skills:
 + Level 3.5 Fighting
 + Level 3.1 Throwing
 + Level 2.5 Armour
 * Level 7.3 Unarmed Combat
 + Level 2.5 Spellcasting
 * Level 3.9 Summonings
 + Level 1.8 Air Magic


You had 9 spell levels left.
You knew the following spells:

 Your Spells              Type           Power      Damage    Failure   Level
a - Summon Small Mammal   Summ           44%        N/A       8%          1
b - Static Discharge      Conj/Air       8%         2-3/arc   38%         2

Your spell library contained the following spells:

 Spells                   Type           Power      Damage    Failure   Level
 Sandblast                Erth           2%         2d4       36%         1
 Summon Guardian Golem    Hex/Summ       6%         N/A       45%         3
 Passwall                 Tmut/Erth      0%         N/A       52%         2
 Dazzling Flash           Conj/Hex       2%         N/A       75%         3
 Stone Arrow              Conj/Erth      2%         3d7       75%         3
 Volatile Blastmotes      Fire/Tloc      2%         2d10      75%         3
 Summon Lightning Spire   Summ/Air       9%         N/A       75%         4
 Airstrike                Air            3%         2d(1-17)  87%         4
 Animate Dead             Necr           1%         N/A       98%         4
 Iskenderun's Mystic Bla  Conj/Tloc      1%         2d3       98%         4
 Borgnjor's Vile Clutch   Necr/Erth      0%         N/A       100%        5
 Death Channel            Necr           0%         N/A       100%        6
 Starburst                Conj/Fire      0%         6d3       100%        6


Dungeon Overview and Level Annotations

Branches:
Dungeon (6/15)             Temple (0/1) D:5

Altars:
Xom

Shops:
D:6 (

Annotations:
D:3 3 runed translucent doors, Sobieck's ghost, amateur GrMo
D:4 2 transporters, Loveship's ghost, amateur DrEE


Innate Abilities, Weirdness & Mutations

You are immune to poison.
You have sharp fingernails.
Your flesh is cold resistant. (rC+)
You are immune to negative energy. (rN+++)
You do not regenerate when monsters are visible.
You are immune to unholy pain and torment.
You thrive by killing the living.


Message History

A centaur comes into view.
The centaur shouts!
You hear a shout!
The centaur wields a +0 shortbow.
The centaur shoots an arrow.
The arrow hits you!
You see here a +0 dagger.
The centaur unwields a +0 shortbow.
The centaur hits you. The centaur closely misses you.
You barely miss the centaur. The centaur hits you.
The centaur closely misses you. The gnoll closely misses you.
You barely miss the centaur.
The centaur hits you but does no damage.
The centaur kicks you. The gnoll barely misses you.
The centaur completely misses you.
The centaur kicks you but does no damage.
You scratch the centaur.
The centaur is lightly wounded.
The centaur closely misses you. The centaur kicks you.
You claw the centaur! x2
The centaur is almost dead.
The centaur hits you. The centaur kicks you.
The gnoll hits you with a +0 flail.
You claw the centaur!
You kill the centaur!
You feel better. The gnoll hits you with a +0 flail.
The gnoll barely misses you.
You claw the gnoll!
The gnoll is heavily wounded.
The gnoll hits you with a +0 flail. The gnoll hits you with a +0 flail!
You scratch the gnoll. Your claw misses the gnoll.
The gnoll is almost dead.
The gnoll hits you with a +0 flail.
* * * LOW HITPOINT WARNING * * *
The gnoll hits you with a +0 flail!
* * * LOW HITPOINT WARNING * * *
Unknown command.
You are confused.
You feel invigorated. The gnoll hits you with a +0 flail.
* * * LOW HITPOINT WARNING * * *
The gnoll hits you with a +0 flail!
You die...

#.......#####.######
#######.##......
.... #.##.##.##.# .#
# #..........#.. .#
## ####.##.#....##..
.# #....#.##... # .#
#.##......##... .#
#....##.>....# .#
#..#..g@).## .#
#..#.#g##...... .#
#....#... .#.## .#
#.#....##..# .### #
#.##.$..... ...# ...
..#.##.. .#.####
.##...# g. #
.#....####....... .[
.####......# #


You could see 2 gnolls.

Vanquished Creatures
  Grinder (D:6)
  A water moccasin (D:5)
  A centaur (D:5)
  A phantom (D:5)
  A bullfrog (D:6)
  A scorpion (D:6)
  A howler monkey (D:4)
  2 orc priests (D:5)
  A gnoll bouda (D:5)
  A sleepcap (D:5)
  2 iguanas (D:5)
  7 adders
  4 gnolls (D:5)
  2 dart slugs
  16 orcs
  2 ball pythons
  5 bats
  4 endoplasms
  3 giant cockroaches
  5 goblins
  7 hobgoblins
  4 quokkas
  3 frilled lizards
  6 kobolds
  2 rats (D:3)
83 creatures vanquished.

Notes
Turn   | Place    | Note
-------+----------+-------------------------------------------
     0 | D:1      | tizbic2 the Ghoul Wanderer began the quest for the Orb.
     0 | D:1      | tizbic2 set off with the following items: a +0 dagger, a
                  | potion of invisibility, 10 poisoned darts, a potion of
                  | brilliance, a scroll of fear, a +0 leather armour; and the
                  | following spell memorised: Summon Small Mammal; and the
                  | following spells available to memorise: Summon Guardian
                  | Golem.
     0 | D:1      | Reached XP level 1. HP: 16/16 MP: 1/1
   157 | D:1      | Reached XP level 2. HP: 20/23 MP: 2/2
   678 | D:1      | Reached XP level 3. HP: 21/28 MP: 3/3
   955 | D:2      | Found a shimmering altar of Xom.
   973 | D:2      | Found a faded altar of an unknown god.
  1474 | D:2      | Reached XP level 4. HP: 36/36 MP: 4/4
  1977 | D:3      | Noticed Sobieck's ghost (amateur GrMo)
  2015 | D:3      | Found a runed translucent gate.
  2015 | D:3      | Found a runed translucent gate.
  2015 | D:3      | Found a runed translucent gate.
  2184 | D:3      | Reached skill level 1 in Armour
  2184 | D:3      | Reached skill level 6 in Unarmed Combat
  2692 | D:4      | Reached XP level 5. HP: 9/41 MP: 1/6
  2991 | D:4      | Noticed Loveship's ghost (amateur DrEE)
  2992 | D:4      | Found a transporter.
  2995 | D:4      | Found a transporter.
  3547 | D:5      | Entered Level 5 of the Dungeon
  3670 | D:5      | Noticed a phantom
  3678 | D:5      | Killed a phantom
  3679 | D:5      | Reached XP level 6. HP: 38/49 MP: 7/7
  3756 | D:5      | HP: 2/50 [orc priest/+0 flail (9)]
  3935 | D:6      | Reached skill level 1 in Air Magic
  4007 | D:6      | Noticed Grinder
  4008 | D:6      | Paralysed by Grinder for 2 turns
  4015 | D:6      | Paralysed by Grinder for 3 turns
  4026 | D:6      | Paralysed by Grinder for 5 turns
  4037 | D:6      | Killed Grinder
  4038 | D:6      | Reached XP level 7. HP: 41/57 MP: 6/9
  4102 | D:6      | Reached skill level 7 in Unarmed Combat
  4124 | D:6      | Learned a level 2 spell: Static Discharge
  4136 | D:6      | Found Jiutriha's Antique Weapon Shoppe.
  4148 | D:6      | Bought a glowing morningstar for 210 gold pieces
  4490 | D:5      | Reached XP level 8. HP: 63/63 MP: 7/10
  4746 | D:5      | Found a staircase to the Ecumenical Temple.
  4764 | D:5      | Slain by a gnoll

Illustrated notes

Levels and vault maps discovered:
D:1:      dpeg_arrival_tiny_a, layout_loops_corners,
          chequers_serial_rivers_marsh, minmay_box_of_dots
D:2:      layout_basic, basic_altar, shapermc_ecumenical_altar_gd,
          nicolae_hexahallways, minmay_gold_behind_fungi
D:3:      layout_basic, gammafunk_ghost_icy, grunt_decor_cap,
          kennysheep_generic_room_10
D:4:      layout_gridville, gammafunk_ghost_arena
D:5:      layout_basic, minmay_temple_entry_ruins, minmay_curled_crystal
D:6:      layout_gridville, serial_shops, nicolae_shop_pleasant_corner_grove,
          mrwooster_statue_mirror, uniq_grinder

Skill      XL: |  1  2  3  4  5  6  7 |
---------------+----------------------+-----
Throwing       | 2 3 |  3.1
Armour         | 1 2 |  2.5
Unarmed Combat | 6 7 |  7.3
Fighting       | 2 3 |  3.5
Summonings     | 2 3 |  3.9
Air Magic      | 1 |  1.8
Spellcasting   | 2 |  2.5

Action                     |  1- 3 |  4- 6 |  7- 9 || total
---------------------------+-------+-------+-------++-------
  Melee: Unarmed           |    88 |   103 |    33 ||   224
         Punch             |     1 |     3 |     2 ||     6
         War axe           |    15 |    24 |       ||    39
         Morningstar       |       |       |    20 ||    20
  Throw: Dart              |    24 |     6 |     3 ||    33
         Boomerang         |       |     2 |       ||     2
   Cast: Summon Small Mamm |       |     4 |     5 ||     9
    Use: Scroll            |       |     4 |     4 ||     8
         Potion            |       |     3 |     1 ||     4
   Stab: Invisible         |       |     1 |       ||     1
 Armour: Leather armour    |    53 |    21 |       ||    74
         Ring mail         |       |    14 |    20 ||    34
         Chain mail        |       |     2 |       ||     2
  Dodge: Dodged            |    88 |    68 |    28 ||   184
